 Dungeon Crawl Stone Soup version 0.28.0-53-g5a82cb258f (webtiles) character file.

Game seed: 9857138648500345547

6835 Godmorgon the Basher (level 10, -5/91 HPs)
             Began as a Minotaur Fighter on Aug 11, 2022.
             Was a Follower of Zin.
             Slain by an eight-headed hydra (10 damage)
             ... on level 1 of the Lair of Beasts.
             The game lasted 00:34:01 (8679 turns).

Godmorgon the Basher (Minotaur Fighter)             Turns: 8679, Time: 00:34:02

Health: -5/91      AC: 11    Str: 25    XL:     10   Next: 77%
Magic:  11/11      EV: 10    Int:  5    God:    Zin [*.....]
Gold:   308        SH:  5    Dex: 10    Spells: 9/9 levels left

rFire   . . .      SeeInvis .   b - +0 whip (elec)
rCold   . . .      Faith    .   c - +0 buckler
rNeg    . . .      Spirit   .   s - +0 scale mail
rPois   .          Reflect  .   (helmet restricted)
rElec   .          Harm     .   q - +0 cloak
rCorr   .          Rampage  .   (no gloves)
Will    .....                   o - +0 pair of boots
Stlth   ..........              C - amulet of regeneration
HPRegen 1.05/turn               (no ring)
MPRegen 0.12/turn               (no ring)

@: no status effects
A: horns 2, retaliatory headbutt
a: Renounce Religion, Recite, Donate Gold


You were on level 1 of the Lair of Beasts.
You worshipped Zin.
Zin was aware of your devotion.
You visited 3 branches of the dungeon, and saw 10 of its levels.

You collected 545 gold pieces.
You spent 203 gold pieces at shops.
You donated 34 gold pieces to Zin.

Inventory:

Hand Weapons
 a - a +1 morningstar
 b - a +0 whip of electrocution (weapon)
Missiles
 p - 11 poisoned darts
 x - 12 boomerangs (quivered)
 y - 6 boomerangs of dispersal
 H - 4 atropa-tipped darts
Armour
 c - a +0 buckler (worn)
 o - a +0 pair of boots (worn)
 q - a +0 cloak (worn)
 s - a +0 scale mail (worn)
Jewellery
 C - an amulet of regeneration (around neck)
 J - a ring of fire
Wands
 m - a wand of paralysis (17)
 G - a wand of iceblast (20)
 I - a wand of digging (1)
Scrolls
 e - a scroll of immolation {unknown}
 i - 2 scrolls of fog
 j - a scroll of torment {unknown}
 k - a scroll of blinking {unknown}
 l - 3 scrolls of fear
 r - 7 scrolls of teleportation
 v - 3 scrolls of vulnerability
 w - a scroll of amnesia {unknown}
 B - 2 scrolls of enchant weapon
 D - a scroll of noise {unknown}
 E - a scroll of magic mapping {unknown}
Potions
 d - a potion of might
 f - a potion of resistance {unknown}
 g - 2 potions of ambrosia {unknown}
 h - a potion of haste {unknown}
 n - a potion of heal wounds
 t - 2 potions of attraction {unknown}
 u - 2 potions of mutation {unknown}
 z - 2 potions of curing
 A - a potion of lignification {unknown}
 F - a potion of degeneration {unknown}


   Skills:
 + Level 9.3 Fighting
 * Level 12.3 Maces & Flails
 + Level 6.8 Throwing
 + Level 9.3 Armour
 + Level 2.0 Dodging
 - Level 5.0 Shields
 * Level 2.8 Invocations


You had 9 spell levels left.
You didn't know any spells.
Your spell library was empty.

Dungeon Overview and Level Annotations

Branches:
Dungeon (8/15)             Temple (1/1) D:7            Lair (1/6) D:8

Altars:
Ashenzari
Cheibriados
Dithmenos
Elyvilon
Fedhas
Gozag
Hepliaklqana
Kikubaaqudgha
Makhleb
Okawaru
Qazlal
Ru
Sif Muna
Trog
Uskayaw
Vehumet
Wu Jian
Xom
Yredelemnul
Zin

Shops:
D:4 *   D:7 *(

Annotations:
D:6 use flight to get ring


Innate Abilities, Weirdness & Mutations

You have a pair of horns on your head.
You reflexively headbutt those who attack you in melee.


Message History

The eight-headed hydra bites you.
* * * LOW HITPOINT WARNING * * *
Press: ? - help, v - describe, . - travel
Here: an eight-headed hydra (severely wounded)
The floor, spattered with blood.
Unknown command.
You feel much better.
The eight-headed hydra bites you but does no damage. x2
The eight-headed hydra bites you. The eight-headed hydra bites you!
* * * LOW HITPOINT WARNING * * *
The eight-headed hydra bites you!
* * * LOW HITPOINT WARNING * * *
The eight-headed hydra bites you.
* * * LOW HITPOINT WARNING * * *
The eight-headed hydra bites you.
* * * LOW HITPOINT WARNING * * *
The eight-headed hydra bites you but does no damage.
You feel much better. The eight-headed hydra bites you!
You block the eight-headed hydra's attack.
The eight-headed hydra bites you!
* * * LOW HITPOINT WARNING * * *
The eight-headed hydra bites you but does no damage. x2
The eight-headed hydra completely misses you.
The eight-headed hydra bites you but does no damage.
The eight-headed hydra closely misses you.
You hit the eight-headed hydra but do no damage.
The eight-headed hydra is severely wounded.
You hit the eight-headed hydra but do no damage.
You headbutt the eight-headed hydra.
The eight-headed hydra is severely wounded.
The eight-headed hydra bites you but does no damage.
The eight-headed hydra bites you!
* * * LOW HITPOINT WARNING * * *
You block the eight-headed hydra's attack.
The eight-headed hydra bites you.
* * * LOW HITPOINT WARNING * * *
You block the eight-headed hydra's attack.
The eight-headed hydra barely misses you.
The eight-headed hydra bites you!
You die...

#####
#########.#.#######.#
........[....<.......
.....................
....#'##......##.+.##
#......#.....## .#
#......#.....####.#
#......#.....+.D..#
.......#.....# #@.#
#..#+.+#.....# #.##
#..#.⌠.#.....# #.# ..
####...)#....###.####...
##.......##.............
#.........##............
...........##...........
..#.....#...##..........
..##.⌠.###..............


You could see an eight-headed hydra.

Vanquished Creatures
  A two-headed ogre (D:7)
  Pikel (D:8)
  Joseph (D:8)
  2 cane toads (Lair:1)
  Grinder (D:6)
  3 yaks (Lair:1)
  A wyvern (D:8)
  2 steam dragons
  Grum (D:8)
  Menkaure (D:4)
  A water moccasin (Lair:1)
  3 black bears
  An orc warrior (D:8)
  A sky beast (D:7)
  5 ice beasts
  4 ogres
  3 necrophages
  4 wolves
  3 phantoms
  4 lemures
  6 bullfrogs
  3 scorpions
  2 wyvern skeletons
  2 wights (D:7)
  A centaur zombie (D:3)
  A bullfrog zombie (D:5)
  4 hounds
  A jelly (D:6)
  5 orc priests
  3 centaur skeletons
  4 iguanas
  4 orc wizards
  4 gnolls
  4 adders
  A shadow imp (D:6)
  2 white imps
  2 dart slugs
  28 orcs
  8 bats
  5 endoplasms
  3 giant cockroaches
  4 goblins
  6 hobgoblins
  15 jackals
  3 quokkas
  3 ball pythons
  4 frilled lizards
  7 kobolds
  4 rats
182 creatures vanquished.

Vanquished Creatures (others)
  4 fungi (D:8)
  5 plants (D:8)
9 creatures vanquished.

Grand Total: 191 creatures vanquished

Notes
Turn   | Place    | Note
-------+----------+-------------------------------------------
     0 | D:1      | Godmorgon the Minotaur Fighter began the quest for the Orb.
     0 | D:1      | Reached XP level 1. HP: 19/19 MP: 0/0
   241 | D:1      | Reached XP level 2. HP: 25/27 MP: 1/1
   253 | D:1      | Reached skill level 3 in Maces & Flails
  1075 | D:2      | Reached XP level 3. HP: 33/33 MP: 2/2
  1455 | D:2      | Noticed a scorpion
  1478 | D:2      | Killed a scorpion
  1479 | D:2      | Reached skill level 4 in Maces & Flails
  1479 | D:2      | Reached XP level 4. HP: 27/40 MP: 3/3
  1632 | D:2      | Found a faded altar of an unknown god.
  1851 | D:2      | Reached skill level 1 in Throwing
  1855 | D:3      | Noticed a bullfrog
  1864 | D:2      | Killed a bullfrog
  1865 | D:2      | Reached XP level 5. HP: 42/47 MP: 4/4
  2186 | D:3      | Reached XP level 6. HP: 47/53 MP: 5/5
  2315 | D:3      | Reached skill level 5 in Maces & Flails
  2690 | D:4      | Reached skill level 5 in Armour
  2900 | D:4      | Noticed Menkaure
  2914 | D:4      | Killed Menkaure
  2915 | D:4      | Reached skill level 5 in Fighting
  2915 | D:4      | Reached skill level 5 in Shields
  2915 | D:4      | Reached XP level 7. HP: 47/61 MP: 6/6
  3074 | D:4      | Reached skill level 6 in Maces & Flails
  3603 | D:4      | Found Pyhothux's General Store.
  3610 | D:4      | Bought a potion of heal wounds for 55 gold pieces
  3610 | D:4      | Bought a scroll of teleportation for 33 gold pieces
  3610 | D:4      | Bought 4 boomerangs for 22 gold pieces
  3610 | D:4      | Bought a potion of curing for 33 gold pieces
  3793 | D:5      | Entered Level 5 of the Dungeon
  3825 | D:5      | Reached skill level 7 in Maces & Flails
  3944 | D:5      | Reached XP level 8. HP: 27/70 MP: 7/7
  4865 | D:5      | Identified the +10 short sword of Tulad {freeze, Str-3
                  | Int+2 Dex+3}
  4893 | D:5      | Reached skill level 8 in Maces & Flails
  5596 | D:6      | You fall into a shaft and drop 2 floors!
  5729 | D:6      | Reached skill level 9 in Maces & Flails
  5781 | D:6      | Reached XP level 9. HP: 73/79 MP: 8/8
  5831 | D:6      | Noticed Grinder
  5854 | D:6      | Killed Grinder
  5941 | D:6      | Reached skill level 5 in Throwing
  6078 | D:7      | Found a staircase to the Ecumenical Temple.
  6087 | Temple   | Entered the Ecumenical Temple
  6388 | D:7      | Reached skill level 10 in Maces & Flails
  6700 | D:7      | Found Upes's Weapon Boutique.
  6780 | D:7      | Found a shadowy altar of Dithmenos.
  6796 | D:7      | Found a bloodstained altar of Trog.
  6901 | D:7      | Found Doviyzes's General Store.
  6907 | D:7      | Bought a scroll of identify for 30 gold pieces
  6907 | D:7      | Bought a scroll of identify for 30 gold pieces
  7115 | D:8      | Noticed a two-headed ogre
  7188 | D:7      | Killed a two-headed ogre
  7189 | D:7      | Reached skill level 11 in Maces & Flails
  7381 | D:8      | Noticed Pikel
  7386 | D:8      | Killed Pikel
  7387 | D:8      | Reached XP level 10. HP: 77/90 MP: 9/9
  7480 | D:8      | Found a staircase to the Lair.
  7672 | D:8      | Noticed Joseph
  7687 | D:8      | Noticed Grum
  7838 | Temple   | Became a worshipper of Zin the Law-Giver
  7838 | Temple   | Reached * piety under Zin
  8031 | D:8      | Killed Grum
  8227 | D:8      | Killed Joseph
  8228 | D:8      | Reached skill level 1 in Invocations
  8319 | D:8      | Reached skill level 1 in Dodging
  8345 | Lair:1   | Entered Level 1 of the Lair of Beasts
  8377 | Lair:1   | Noticed a cane toad
  8398 | Lair:1   | Killed a cane toad
  8399 | Lair:1   | Reached skill level 12 in Maces & Flails
  8488 | Lair:1   | Noticed a cane toad
  8503 | Lair:1   | Killed a cane toad
  8670 | Lair:1   | Noticed an eight-headed hydra
  8679 | Lair:1   | Slain by an eight-headed hydra

Illustrated notes

Levels and vault maps discovered:
D:1:      elethiomel_arrival_maze, layout_rooms
D:2:      layout_basic, shapermc_ecumenical_altar_mp_highgroup, st_stairs_9
D:3:      layout_rooms
D:4:      layout_gridville, serial_shops, shop, uniq_menkaure
D:5:      layout_basic
D:6:      layout_rooms, corexii_item_surrounded_by_moat, uniq_grinder
D:7:      layout_loops_cross, jmf_multi_god_temple, minmay_temple_entry_wispy,
          serial_shops, shop, shop
D:8:      layout_basic, grunt_lair_entry_orc_guard_hut,
          kennysheep_generic_room_14, uniq_joseph, uniq_pikel, uniq_grum
Temple:   dpeg_five_rooms_temple
Lair:1:   layout_regular_city, kennysheep_rathole, infiniplex_staircase_pool,
          grunt_megastairs_5

Skill      XL: |  1  2  3  4  5  6  7  8  9 10 |
---------------+-------------------------------+-----
Maces & Flails | 3 4 5 7 9 11 12 | 12.3
Shields        | 4 5 |  5.0
Fighting       | 4 5 6 7 8 9 |  9.3
Armour         | 4 5 6 7 8 9 |  9.3
Throwing       | 1 2 3 4 6 |  6.8
Invocations    | 2 |  2.8
Dodging        | 2 |  2.0

Action                   |  1- 3 |  4- 6 |  7- 9 | 10-12 || total
-------------------------+-------+-------+-------+-------++-------
Melee: Flail             |    86 |    74 |   296 |       ||   456
       Headbutt          |     5 |    13 |    58 |    29 ||   105
       Morningstar       |       |       |    21 |    63 ||    84
       Whip              |       |       |       |    65 ||    65
Throw: Dart              |     7 |     8 |    32 |     6 ||    53
       Boomerang         |       |       |     2 |     6 ||     8
  Use: Scroll            |       |       |     4 |       ||     4
       Potion            |       |       |     1 |     2 ||     3
Armor: Scale mail        |    64 |    33 |   164 |    60 ||   321
Dodge: Dodged            |    39 |    34 |   131 |    65 ||   269
Block: Buckler           |    18 |    11 |    82 |    37 ||   148
